 Dungeon Crawl Stone Soup version 0.17-a0-977-g4154171 (webtiles) character file.

98 boffreak the Covered (level 5, -2/41 HPs)
             Began as a Formicid Fighter on May 10, 2015.
             Slain by Grinder (3 damage)
             ... on level 3 of the Dungeon.
             The game lasted 00:01:31 (1571 turns).

boffreak the Covered (Formicid Fighter)             Turns: 1571, Time: 00:01:31

Health: -2/41      AC:  8    Str: 22    XL:     5   Next: 0%
Magic:  5/5        EV:  8    Int:  7    God:
Gold:   94         SH:  9    Dex: 10    Spells: 0 memorised, 4 levels left

rFire  . . .     SeeInvis +     a - +0 war axe
rCold  . . .     Clarity  .     b - +0 scale mail
rNeg   . . .     SustAb   .     c - +0 shield
rPois  .         Gourm    .     (helmet unavailable)
rElec  .         Spirit   .     (no cloak)
rCorr  .         Warding  .     (no gloves)
rMut   .         Stasis   +     r - +0 pair of boots
MR     .....                    (no amulet)
Stlth  ..........               (no ring)
                                g - ring of flight

@: flying, not resistant to hostile enchantments, extremely unstealthy
A: permanent stasis, dig shafts and tunnels, four strong arms, antennae 3
a: Dig, Shaft Self


You were on level 3 of the Dungeon.
You were not hungry.

You visited 1 branch of the dungeon, and saw 3 of its levels.

You collected 94 gold pieces.

Inventory:

Hand weapons
 a - a +0 war axe (weapon)
Armour
 b - a +0 scale mail (worn)
 c - a +0 shield (worn)
 r - a +0 pair of boots (worn)
 v - a +0 cloak
Jewellery
 g - a ring of flight (left hand)
 k - a cursed -3 ring of slaying {unknown}
Scrolls
 f - a scroll of enchant armour {unknown}
 i - 2 scrolls of remove curse {unknown}
 m - 3 scrolls of identify {unknown}
 p - 2 scrolls of teleportation {unknown}
 s - a scroll of fog {unknown}
 t - a scroll of enchant weapon {unknown}
Potions
 d - a potion of might
 j - a potion of flight
 q - a potion of heal wounds {unknown}
Comestibles
 e - 4 bread rations
 l - 3 meat rations
 n - a beef jerky
 o - 3 fruits
 u - 5 chunks of flesh


   Skills:
 - Level 3.2 Fighting
 * Level 3.6 Axes
 + Level 4.2 Armour
 + Level 4.2 Shields


You had 4 spell levels left.
You didn't know any spells.

Dungeon Overview and Level Annotations

Branches:
Dungeon (3/15)

Altars:

Annotations:
D:3 Grinder


Innate Abilities, Weirdness & Mutations

You are under a permanent stasis effect.
You can dig through walls and to a lower floor.
Your four strong arms can wield two-handed weapons with a shield.
You have a pair of large antennae on your head (SInv).


Message History

You resist with significant effort.
You closely miss Grinder. Grinder hits you!
* * * LOW HITPOINT WARNING * * *
You writhe in agony.
* * * LOW HITPOINT WARNING * * *
You take 12 damage, and have 9/41 hp.
MASSIVE DAMAGE!!
You closely miss Grinder. Grinder barely misses you.
You closely miss Grinder.
Grinder gestures.
Grinder blinks!
Grinder hits you.
* * * LOW HITPOINT WARNING * * *
You take 1 damage, and have 8/41 hp.
You slash Grinder! Grinder hits you!
* * * LOW HITPOINT WARNING * * *
You writhe in agony.
* * * LOW HITPOINT WARNING * * *
You take 7 damage, and have 1/41 hp.
You closely miss Grinder. Grinder hits you.
You die...

####.### #......
##$##.# #....$##
#......######
#..........?.
#......#### #.....##
##.@#.# #. #.5#.# #.
#.# #..#.# #.# #.#
#....# #.# #(#
###.#..## #># #.#
#...#...## #.# #.#
#.#####..###)######.#
#...#....#..........#
###.#................


You could see Grinder.

Vanquished Creatures
  An orc wizard (D:3)
  2 adders (D:2)
  An ooze (D:3)
  A worm (D:2)
  2 giant geckos
  2 orcs (D:3)
  3 bats
  A giant cockroach (D:1)
  5 goblins
  A hobgoblin (D:1)
  A ball python (D:3)
  A giant newt (D:1)
  4 kobolds
  A quokka (D:2)
  19 rats
45 creatures vanquished.

Notes
Turn   | Place    | Note
--------------------------------------------------------------
     0 | D:1      | boffreak, the Formicid Fighter, began the quest for the Orb.
     0 | D:1      | Reached XP level 1. HP: 18/18 MP: 1/1
   200 | D:1      | Reached XP level 2. HP: 24/24 MP: 2/2
   759 | D:2      | Reached XP level 3. HP: 27/29 MP: 3/3
  1068 | D:2      | Reached skill level 4 in Armour
  1068 | D:2      | Reached XP level 4. HP: 35/35 MP: 4/4
  1432 | D:3      | Reached XP level 5. HP: 35/41 MP: 5/5
  1545 | D:3      | Noticed Grinder
  1570 | D:3      | HP: 2/41 [Grinder (7)]
  1571 | D:3      | Slain by Grinder

Vault maps used:
D:1:      dpeg_arrival_arbitrary_a, st_stairs_7
D:2:      minmay_rat_hole
D:3:      nicolae_gozag_seed_capital, uniq_grinder

Action                   |  1- 3 |  4- 6 || total
-------------------------+-------+-------++-------
Melee: War axe           |    80 |    37 ||   117
  Use: Potion            |       |     2 ||     2
  Eat: Chunk             |     1 |     1 ||     2
